 Dungeon Crawl Stone Soup version 0.28.0-53-g5a82cb258f (webtiles) character file.

Game seed: 10000175259024098396

1306 Duralumin the Cleaver (level 8, -3/58 HPs)
             Began as a Formicid Fighter on June 14, 2022.
             Was an Initiate of Okawaru.
             Slain by a wyvern zombie (7 damage)
             ... on level 7 of the Dungeon.
             The game lasted 00:23:51 (7731 turns).

Duralumin the Cleaver (Formicid Fighter)            Turns: 7731, Time: 00:23:52

Health: -3/58      AC: 22    Str: 23    XL:     8   Next: 88%
Magic:  10/10      EV:  3    Int:  8    God:    Okawaru [......]
Gold:   297        SH:  5    Dex: 16    Spells: 7/7 levels left

rFire   . . .      SeeInvis +   a - +1 war axe
rCold   . . .      Faith    .   c - +0 buckler
rNeg    . . .      Spirit   .   j - +1 crystal plate armour
rPois   +          Reflect  .   (helmet unavailable)
rElec   .          Harm     .   k - +0 cloak
rCorr   .          Rampage  .   C - +0 pair of gloves
Will    .....                   t - +0 pair of boots
Stlth   ..........              (no amulet)
HPRegen 0.19/turn               I - ring of Qifai {Dex+6 Stlth+}
MPRegen 0.12/turn               A - ring of poison resistance

@: no status effects
A: permanent stasis, dig shafts and tunnels, antennae 3, four strong arms
a: Dig, Shaft Self, Renounce Religion


You were on level 7 of the Dungeon.
You worshipped Okawaru.
Okawaru was noncommittal.
You visited 2 branches of the dungeon, and saw 11 of its levels.

You collected 521 gold pieces.
You spent 224 gold pieces at shops.

Inventory:

Hand Weapons
 a - a +1 war axe (weapon)
Missiles
 f - 211 stones
 h - 19 poisoned darts (quivered)
 l - 3 atropa-tipped darts
 u - 37 bolts
Armour
 c - a +0 buckler (worn)
 j - a +1 crystal plate armour (worn)
 k - a +0 cloak (worn)
 t - a +0 pair of boots (worn)
 C - a +0 pair of gloves (worn)
Jewellery
 s - a ring of protection from cold
 A - a ring of poison resistance (right hand)
 G - a ring of fire
 H - a +4 ring of evasion
 I - the ring of Qifai (left hand) {Dex+6 Stlth+}
   (You found it on level 7 of the Dungeon)

   [ring of dexterity]

   Dex:       It affects your dexterity (+6).
   Stlth:     It makes you more stealthy.
Wands
 g - a wand of iceblast (9)
 r - a wand of flame (12)
Scrolls
 x - 3 scrolls of enchant armour
Potions
 b - a potion of invisibility
 i - 3 potions of flight
 p - a potion of mutation
 q - 10 potions of curing
 v - 2 potions of heal wounds {unknown}
 D - a potion of brilliance
 E - a potion of lignification


   Skills:
 - Level 3.2 Fighting
 + Level 8.5 Axes
 - Level 6.3 Armour
 - Level 3.6 Shields
 + Level 3.4 Invocations


You had 7 spell levels left.
You didn't know any spells.
Your spell library contained the following spells:

 Spells                   Type           Power      Damage    Failure   Level
 Shock                    Conj/Air       0%         1d3       100%        1
 Slow                     Hex            0%         N/A       100%        1
 Sting                    Tmut/Pois      0%         1d3       100%        1
 Wereblood                Tmut           0%         N/A       100%        2
 Confusing Touch          Hex            0%         N/A       100%        3
 Conjure Flame            Conj/Fire      0%         6-21      100%        3
 Ignite Poison            Fire/Tmut/Pois 0%         N/A       100%        3
 Vampiric Draining        Necr           0%         2d6       100%        3
 Airstrike                Air            0%         N/A       100%        4
 Petrify                  Tmut/Erth      0%         N/A       100%        4
 Sticky Flame             Conj/Fire      0%         2d3       100%        4
 Yara's Violent Unravell  Hex/Tmut       0%         3d3       100%        5
 Enfeeble                 Hex            0%         N/A       100%        7
 Swiftness                Air            Unusable   N/A       N/A         3

Dungeon Overview and Level Annotations

Branches:
Dungeon (10/15)            Temple (1/1) D:5            Lair (0/6) D:9
    Orc: D:9-12

Altars:
Ashenzari
Cheibriados
Dithmenos
Fedhas
Gozag
Kikubaaqudgha
Makhleb
Nemelex Xobeh
Okawaru
Qazlal
Ru
Sif Muna
Trog
Uskayaw
Vehumet
Wu Jian
Xom
Zin
The Shining One

Shops:
D:1 *   D:6 :

Annotations:
D:8 Gastronok


Innate Abilities, Weirdness & Mutations

You cannot be hasted, slowed, berserked, paralysed or teleported.
You can dig through walls and to a lower floor.
You have a pair of large antennae on your head. (SInv)
Your four strong arms can wield two-handed weapons with a shield.


Message History

Found 9 gold pieces.
Gastronok gurgles horribly!
You hear a shout!
A killer bee zombie comes into view.
Press: ? - help, v - describe, . - travel
Here: Gastronok, wearing a +1 hat The floor.
Unknown command.
Gastronok completely misses you.
You hit Gastronok.
Gastronok is lightly wounded.
You hit Gastronok.
Gastronok is lightly wounded.
Gastronok bites you!!
Okay, then.
Gastronok waves his eye-stalks in wide circles.
The air twists around and strikes you!!
* * * LOW HITPOINT WARNING * * *
Things that are here:
a +0 whip; an orc corpse
There is a stone staircase leading up here.
You climb upwards.
There is a stone staircase leading down here.
You completely miss the wyvern zombie. You block the wyvern zombie's attack.
The wyvern zombie completely misses you.
You hit the wyvern zombie.
The wyvern zombie is lightly damaged.
The wyvern zombie bites you but does no damage.
You hit the wyvern zombie.
The wyvern zombie is moderately damaged.
The wyvern zombie bites you but does no damage. x2
You hit the wyvern zombie but do no damage.
The wyvern zombie is moderately damaged.
The wyvern zombie bites you!
* * * LOW HITPOINT WARNING * * *
You slash the wyvern zombie!
The wyvern zombie is heavily damaged.
The wyvern zombie bites you!
* * * LOW HITPOINT WARNING * * *
The wyvern zombie bites you!
You die... .# .# .# .# .# .# .#######.# ......Z@.# .#.#####.# .# ##

You could see a wyvern zombie.

Vanquished Creatures
  Grinder (D:6)
  A wyvern (D:4)
  A water moccasin (D:5)
  A centaur (D:10)
  A kobold brigand (D:5)
  A scorpion (D:6)
  A water moccasin zombie (D:5)
  2 howler monkeys
  A bullfrog zombie (D:6)
  A jelly (D:6)
  A hound (D:5)
  Crazy Yiuf (D:4)
  2 bullfrog skeletons (D:6)
  A centaur skeleton (D:4)
  Ijyb (D:3)
  Natasha (thrice) (D:3)
  A howler monkey zombie (D:5)
  A howler monkey skeleton (D:6)
  4 adders
  3 gnolls (D:7)
  2 shadow imps
  A white imp (D:6)
  An ufetubus (D:7)
  An adder zombie (D:5)
  An adder skeleton (D:3)
  A worm (D:2)
  A dart slug (D:1)
  4 orcs
  5 endoplasms
  6 giant cockroaches
  5 goblins
  9 hobgoblins
  7 jackals (D:1)
  7 quokkas
  10 ball pythons
  4 bats
  2 frilled lizards
  13 kobolds
  4 rats
113 creatures vanquished.

Vanquished Creatures (others)
  4 fungi (D:4)
  13 plants (D:3)
17 creatures vanquished.

Grand Total: 130 creatures vanquished

Notes
Turn   | Place    | Note
-------+----------+-------------------------------------------
     0 | D:1      | Duralumin the Formicid Fighter began the quest for the Orb.
     0 | D:1      | Reached XP level 1. HP: 18/18 MP: 1/1
   136 | D:1      | Reached XP level 2. HP: 19/24 MP: 2/2
   311 | D:1      | Reached skill level 3 in Axes
   530 | D:1      | Found a faded altar of an unknown god.
   619 | D:1      | Reached XP level 3. HP: 29/29 MP: 3/3
   888 | D:1      | Got the Almanac of Transmigration and Envenoming
   912 | D:1      | Found Toggusah's General Store.
   918 | D:1      | Bought 6 poisoned darts for 24 gold pieces
   918 | D:1      | Bought a potion of flight for 30 gold pieces
  1485 | D:2      | Reached skill level 4 in Axes
  1485 | D:2      | Reached XP level 4. HP: 35/35 MP: 4/4
  1787 | D:3      | Found a burning altar of Makhleb.
  2000 | D:3      | Found a bloodstained altar of Trog.
  2263 | D:3      | Found a snail-covered altar of Cheibriados.
  2341 | D:3      | Noticed Natasha
  2364 | D:3      | Killed Natasha
  2365 | D:3      | Reached XP level 5. HP: 14/41 MP: 5/5
  2749 | D:3      | Noticed Ijyb
  2788 | D:3      | Killed Ijyb
  2789 | D:3      | Reached skill level 5 in Axes
  3095 | D:3      | Noticed Natasha
  3098 | D:3      | Killed Natasha
  3185 | D:3      | Noticed Natasha
  3191 | D:3      | Killed Natasha
  3328 | D:4      | Noticed a black bear
  3591 | D:4      | Reached XP level 6. HP: 29/29 MP: 6/6
  3857 | D:4      | Reached skill level 6 in Axes
  3866 | D:4      | Noticed a wyvern
  4265 | D:4      | Killed a wyvern
  4266 | D:4      | Reached XP level 7. HP: 26/52 MP: 7/7
  4547 | D:4      | Found a runed translucent door.
  4548 | D:4      | Noticed Crazy Yiuf
  4561 | D:4      | Killed Crazy Yiuf
  4646 | D:5      | Entered Level 5 of the Dungeon
  4657 | D:5      | Noticed a water moccasin
  4667 | D:5      | Killed a water moccasin
  4859 | D:5      | Reached skill level 7 in Axes
  4859 | D:5      | Reached skill level 5 in Armour
  4859 | D:5      | Found a broken altar of Ashenzari.
  5275 | D:5      | Found an opulent altar of Gozag.
  5412 | D:5      | Reached XP level 8. HP: 55/58 MP: 8/8
  5526 | D:5      | Found a staircase to the Ecumenical Temple.
  5709 | D:1      | Bought a potion of invisibility for 80 gold pieces
  5868 | Temple   | Entered the Ecumenical Temple
  5913 | Temple   | Became a worshipper of Warmaster Okawaru
  6201 | D:6      | Noticed Grinder
  6207 | D:6      | Killed Grinder
  6352 | D:6      | Found a shadowy altar of Dithmenos.
  6401 | D:6      | Reached skill level 8 in Axes
  6401 | D:6      | Reached skill level 1 in Invocations
  6456 | D:6      | Found Zin's Purification Station.
  6459 | D:6      | Found a glowing silver altar of Zin.
  6467 | D:6      | Bought a potion of curing for 90 gold pieces
  6986 | D:6      | Found Duimes's Book Shoppe.
  7133 | D:7      | Identified the ring of Qifai {Dex+6 Stlth+}
  7218 | D:7      | Noticed a troll
  7233 | D:7      | You fall into a shaft and drop 3 floors!
  7233 | D:10     | Entered Level 10 of the Dungeon
  7676 | D:8      | Noticed Gastronok
  7731 | D:7      | Slain by a wyvern zombie

Illustrated notes

Levels and vault maps discovered:
D:1:      dpeg_arrival_concentric_ovals, layout_basic, serial_shops,
          shop_fountains, nicolae_ecumenical_lake_church, st_stairs_2,
          lemuel_old_faithful
D:2:      layout_rooms
D:3:      layout_loops_cross, mainiacjoe_overflow_alcove_2,
          amcnicky_altar_gilded, lemuel_crystal_altar, chequers_big_river,
          uniq_natasha, uniq_ijyb
D:4:      layout_loops_ring, uniq_crazy_yiuf_cottage
D:5:      layout_basic, general_overflow_altar, ashenzari_altar_1,
          minmay_temple_entry_offerings, serial_glass, glass_columns_a,
          glass_columns_a
D:6:      layout_loops_cross, grunt_dithmenos_smoke, zin_purify, serial_shops,
          nicolae_shop_hallway_stairs, minmay_starry_boxes, uniq_grinder
D:7:      layout_basic
D:8:      layout_basic, hellmonk_guarded_unrand_lears, uniq_gastronok
D:9:      layout_loops_ring, erik_lair_dragon
D:10:     layout_cave_pools, mainiacjoe_overflow_catwalk
Temple:   eino_narrow_crystal_temple

Skill      XL: |  1  2  3  4  5  6  7  8 |
---------------+-------------------------+-----
Axes           | 3 4 5 6 7 8 |  8.5
Armour         | 4 5 6 |  6.3
Invocations    | 3 |  3.4
Fighting       | |  3.2
Shields        | |  3.6

Action                   |  1- 3 |  4- 6 |  7- 9 || total
-------------------------+-------+-------+-------++-------
Melee: War axe           |   101 |   156 |   176 ||   433
Throw: Dart              |       |     4 |     2 ||     6
 Abil: Dig               |       |     1 |     1 ||     2
       Shaft Self        |       |       |     1 ||     1
Evoke: Wand              |       |     4 |     3 ||     7
  Use: Potion            |       |     1 |     1 ||     2
       Scroll            |       |     2 |    13 ||    15
Armor: Scale mail        |    20 |       |       ||    20
       Chain mail        |    40 |    79 |       ||   119
       Skin              |       |     4 |       ||     4
       Crystal plate arm |       |     8 |   160 ||   168
Dodge: Dodged            |    54 |    59 |    34 ||   147
Block: Buckler           |    26 |    36 |    33 ||    95
